 Dungeon Crawl Stone Soup version 0.30-a0-756-gc2185399d4 (webtiles) character file.

Game seed: 738278097245176892

31 Leeroy the Slasher (level 3, -4/18 HPs)
             Began as a Vine Stalker Warper on Feb 9, 2023.
             Slain by an ogre
             ... wielding a +0 giant club
              (22 damage)
             ... on level 2 of the Dungeon.
             The game lasted 00:01:00 (989 turns).

Leeroy the Slasher (Vine Stalker Warper)             Turns: 989, Time: 00:01:01

Health: -4/18      AC:  3    Str: 13    XL:     3   Next: 22%
Magic:  0/7        EV: 12    Int: 13    God:
Gold:   125        SH:  0    Dex: 15    Spells: 4/6 levels left

rFire   . . .      SeeInvis .    a - +0 falchion
rCold   . . .      Faith    .    (no shield)
rNeg    . . .      Spirit   +    b - +0 leather armour
rPois   .          Reflect  .    (no helmet)
rElec   .          Harm     .    (no cloak)
rCorr   .          Rampage  .    (no gloves)
Will    .....                    (no boots)
Stlth   +                        (no amulet)
HPRegen 0.23/turn                (no ring)
MPRegen 0.10/turn                (no ring)

@: no status effects
A: fangs 2, magic shield, antimagic bite, no potion heal 2
a: no special abilities


You were on level 2 of the Dungeon.
You visited 1 branch of the dungeon, and saw 2 of its levels.

You collected 125 gold pieces.

Inventory:

Hand Weapons
 a - a +0 falchion (weapon)
 g - a +0 trident of distortion
Missiles
 d - 7 boomerangs of dispersal (quivered)
Armour
 b - a +0 leather armour (worn)
Scrolls
 c - a scroll of blinking
 e - a scroll of magic mapping {unknown}
 f - a scroll of amnesia {unknown}
 i - a scroll of noise {unknown}
 j - 2 scrolls of identify {unknown}
 k - a scroll of fog {unknown}
 m - a scroll of vulnerability {unknown}
 o - 2 scrolls of teleportation {unknown}
 q - a scroll of immolation {unknown}
Potions
 h - a potion of brilliance {unknown}
 l - 2 potions of might {unknown}
 n - a potion of degeneration {unknown}
 p - a potion of curing {unknown}


   Skills:
 - Level 1.7 Fighting
 - Level 3.1 Long Blades
 - Level 0.8 Throwing
 - Level 0.7 Armour
 + Level 1.8 Dodging
 - Level 2.1 Spellcasting
 - Level 3.0 Translocations


You had 4 spell levels left.
You knew the following spells:

 Your Spells              Type           Power      Damage    Failure   Level
a - Blink                 Tloc           18%        N/A       14%         2

Your spell library contained the following spells:

 Spells                   Type           Power      Damage    Failure   Level
 Lesser Beckoning         Tloc           18%        N/A       14%         2
 Teleport Other           Tloc           9%         N/A       28%         3
 Beastly Appendage        Tmut           2%         N/A       32%         1
 Wereblood                Tmut           1%         N/A       43%         2
 Vhi's Electric Charge    Tloc/Air       10%        N/A       45%         3
 Spider Form              Tmut/Pois      1%         N/A       67%         3
 Manifold Assault         Tloc           9%         N/A       67%         4


Dungeon Overview and Level Annotations

Branches:
Dungeon (2/15)

Altars:


Innate Abilities, Weirdness & Mutations

You have extremely sharp teeth.
When hurt, damage is shared between your health and your magic reserves.
Your bite disrupts and absorbs the magic of your enemies.
Potions cannot restore your health.


Message History

An endoplasm is nearby!
An endoplasm is nearby!
The endoplasm quivers.
You hit the endoplasm.
The endoplasm is heavily wounded.
The endoplasm hits you.
You slash the endoplasm!
You kill the endoplasm!
No target in view!
No target in view!
No target in view!
No target in view!
Found a ring mail.
You enter the shallow water.
Moving in this stuff is going to be slow.
A goblin comes into view. It is wielding a +0 club.
An ogre and a bat come into view.
The goblin shouts!
The ogre shouts!
The bat barely misses you.
You closely miss the bat. The bat barely misses you.
You miss the bat. Your bite misses the bat.
The bat hits you but does no damage.
A rat comes into view.
You hit the goblin. You bite the goblin.
You kill the goblin!
The bat hits you but does no damage. The bat hits you.
The bat hits you but does no damage. The bat closely misses you.
The bat hits you but does no damage.
Okay, then.
You hit the bat but do no damage. The bat misses you. The bat hits you.
Casting: Blink (safe; 14% risk of failure)
Confirm with . or Enter, or press ? or * to list all spells.
You blink.
You feel stable enough to blink again. The ogre attacks as you move away!
The ogre hits you with a +0 giant club!!
Ouch! That really hurt!
You die...

...8..P♣...♣
..♣P.♣♣♣P.♣.P.♣ ♣♣#
♣.P.. ♣..♣.♣.♣ ♣.# ♣.♣♣.
♣§.♣♣♣ ♣♣♣♣ ♣♣.##
♣....♣♣♣♣.♣♣♣♣.♣.♣♣♣...#
♣PP.♣§♣§♣P.♣♣P♣♣.....
♣.P♣♣.§♣...........
##.###.#.####......
#@###.....##......
#[O.....#.........
############......
#...... #...... ####.##
#.# ##.## ###....


You could see an ogre.

Vanquished Creatures
  3 bats (D:1)
  3 endoplasms
  A giant cockroach (D:1)
  4 goblins
  3 hobgoblins
  3 kobolds
  2 quokkas (D:2)
  6 ball pythons
  3 rats
28 creatures vanquished.

Vanquished Creatures (others)
  A plant (D:2)
1 creature vanquished.

Grand Total: 29 creatures vanquished

Notes
Turn   | Place    | Note
-------+----------+-------------------------------------------
     0 | D:1      | Leeroy the Vine Stalker Warper began the quest for the Orb.
     0 | D:1      | Reached XP level 1. HP: 11/11 MP: 4/4
    71 | D:1      | Reached XP level 2. HP: 15/15 MP: 6/6
   131 | D:1      | Learned a level 2 spell: Blink
   819 | D:2      | Reached XP level 3. HP: 18/18 MP: 7/7
   970 | D:2      | Noticed an ogre
   989 | D:2      | Slain by an ogre

Illustrated notes

Levels and vault maps discovered:
D:1:      amcnicky_arrival_feature_with_door, layout_basic
D:2:      wad_woods_stonehenge, layout_loops_corners,
          ebering_ecumenical_altar_petrified, chequers_serial_rivers_room_b,
          minmay_hexomino_c4

Skill      XL: |  1  2 |
---------------+-------+-----
Long Blades    | 2 3 |  3.1
Fighting       | |  1.7
Throwing       | |  0.8
Armour         | |  0.7
Dodging        | |  1.8
Spellcasting   | |  2.1
Translocations | |  3.0

Action                     || total
---------------------------++-------
  Melee: Falchion          ||    89
         Bite              ||    18
         Punch             ||     1
   Cast: Blink             ||     1
   Stab: Sleeping          ||     1
 Armour: Leather armour    ||    44
  Dodge: Dodged            ||    63

Table legend: (Time is in decaauts)
 A = Elapsed time spent in this place.
 B = Non-inter-level travel time spent in this place.
 C = Inter-level travel time spent in this place.
 D = Time resting spent in this place.
 E = Time spent auto-exploring this place.
 F = Levels seen in this place.
 G = Mean time per level.
                   A        B        C        D        E       F      G
               +--------+--------+--------+--------+--------+-----+--------+
         Total |   1004 |    970 |     34 |      0 |    758 |   2 |  502.0 |
       Dungeon |   1004 |    970 |     34 |      0 |    758 |   2 |  502.0 |
               +--------+--------+--------+--------+--------+-----+--------+

Top non-repeatable levels by time:
     D:1: 793 daAuts
     D:2: 210 daAuts
